 Dungeon Crawl Stone Soup version 0.30.1-11-g7821555f0a (webtiles) character file.

Game seed: 7366555176419946779

3318 lonewolfV2 the Blocker (level 10, -1/79 HPs)
             Began as a Formicid Fighter on Nov 28, 2023.
             Was a Believer of Qazlal.
             Slain by an orc warrior
             ... wielding a +2 heavy glaive
              (26 damage)
             ... on level 9 of the Dungeon.
             The game lasted 00:10:53 (8549 turns).

lonewolfV2 the Blocker (Formicid Fighter)           Turns: 8549, Time: 00:10:53

Health: -1/79      AC: 13    Str: 30    XL:     10   Next: 21%
Magic:  13/14      EV:  9    Int:  7    God:    Qazlal [**....]
Gold:   425        SH: 16    Dex: 17    Spells: 9/9 levels left

rFire   . . .        a - +0 war axe
rCold   . . .        c - +1 buckler
rNeg    . . .        i - +0 chain mail
rPois   +            (helmet unavailable)
rElec   .            r - +0 cloak
rCorr   .            e - +0 pair of gloves
SInv    +            (no boots)
Will    +....        j - amulet of reflection Stlth
                     J - +6 ring of strength
HPRegen 0.00/turn    y - ring of poison resistance
MPRegen 0.14/turn

%: reflection
@: inhibited regen
A: permanent stasis, dig shafts and tunnels, antennae 3, four strong arms,
hooves 1, agile 1, inhibited regeneration
a: Dig, Shaft Self, Renounce Religion, Upheaval


You were on level 9 of the Dungeon.
You worshipped Qazlal.
Qazlal was pleased with you.
You visited 1 branch of the dungeon, and saw 9 of its levels.
You also visited: Sewer.

You collected 425 gold pieces.

Inventory:

Hand Weapons
 a - a +0 war axe (weapon)
Missiles
 s - a throwing net
Armour
 c - a +1 buckler (worn)
 e - a +0 pair of gloves (worn)
 i - a +0 chain mail (worn)
 r - a +0 cloak (worn)
Jewellery
 j - an amulet of reflection (around neck)
 n - a ring of resist corrosion
 p - an amulet of faith
 w - a ring of magical power
 y - a ring of poison resistance (right hand)
 F - a ring of positive energy
 I - a ring of magical power
 J - a +6 ring of strength (left hand)
Wands
 l - a wand of mindburst (30)
 v - a wand of acid (11)
 D - a wand of charming (4)
 G - a wand of iceblast (14)
 H - a wand of digging (3)
Scrolls
 f - a scroll of identify
 g - a scroll of silence
 k - a scroll of enchant armour
 q - a scroll of magic mapping
 t - 2 scrolls of teleportation
 u - a scroll of butterflies
 A - 2 scrolls of amnesia
Potions
 b - 5 potions of lignification
 d - 2 potions of might
 h - 3 potions of degeneration
 m - a potion of magic
 o - a potion of brilliance
 z - a potion of invisibility


   Skills:
 + Level 7.4 Fighting
 - Level 7.6 Axes
 - Level 7.3 Armour
 - Level 9.2 Shields
 * Level 5.7 Invocations


You had 9 spell levels left.
You didn't know any spells.
Your spell library contained the following spells:

 Spells                   Type           Power      Damage    Failure   Level
 Apportation              Tloc           0%         N/A       88%         1
 Necrotise                Necr           0%         1d4       88%         1
 Summon Small Mammal      Summ           0%         N/A       88%         1
 Ensorcelled Hibernation  Hex/Ice        0%         N/A       96%         2
 Lesser Beckoning         Tloc           0%         N/A       96%         2
 Momentum Strike          Conj/Tloc      0%         3d8       96%         2
 Spider Form              Tmut/Pois      0%         N/A       99%         3
 Anguish                  Hex/Necr       0%         N/A       100%        4
 Blink                    Tloc           Unusable   N/A       N/A         2

Dungeon Overview and Level Annotations

Branches:
Dungeon (9/15)             Temple (0/1) D:7           Sewer (visited)
   Lair: D:8-11         Orc: D:9-12

Altars:
Cheibriados
Dithmenos
Elyvilon
Gozag
Hepliaklqana
Nemelex Xobeh
Okawaru
Qazlal
Wu Jian
Xom
Yredelemnul
Zin

Shops:
D:6 *


Innate Abilities, Weirdness & Mutations

You cannot be hasted, slowed, berserked, paralysed or teleported.
You can dig through walls and to a lower floor.
You have a pair of large antennae on your head. (SInv)
Your four strong arms can wield two-handed weapons with a shield.
You have large cloven feet.
You are agile. (Dex +4, Str/Int -1)
You do not regenerate when monsters are visible.


Message History

You block the yak's attack.
You hit the yak. You kick the yak, but do no damage.
The yak is moderately wounded.
You block the yak's attack.
You hit the yak.
The yak is heavily wounded.
You block the yak's attack. The orc warrior closely misses you.
You hit the yak. You kick the yak, but do no damage.
The yak is heavily wounded.
You slash the yak! The yak gores you. You block the yak's attack.
You block the orc warrior's attack.
You slash the yak!
The yak is severely wounded.
You hit the yak but do no damage.
You hear a shout!
You block the yak's attack. The yak gores you but does no damage.
You slash the yak! Your kick misses the yak.
The yak is almost dead.
You hit the yak. You block the yak's attack. The yak closely misses you.
The orc warrior hits you but does no damage.
You slash the yak!
You kill the yak!
Qazlal accepts your kill.
You closely miss the yak. The yak gores you!
The orc warrior hits you from afar with a +2 heavy glaive.
Your life force feels restored.
The yak gores you.
An orc comes into view. It is wielding a +0 war axe.
The yak gores you but does no damage.
You hit the yak but do no damage.
The yak is moderately wounded.
You hit the yak but do no damage. The yak gores you! The yak gores you.
You block the orc warrior's attack.
You hit the yak. You kick the yak.
The yak is heavily wounded.
You slash the yak!
You hear a shout!
The yak gores you. You block the yak's attack.
The orc warrior hits you from afar with a +2 heavy glaive!!
You die...

. #..#..#........... ..
##...###...<......
#..#..#..#..#........
#...###...###.......
#..#..#..#..#.#############.
.. ##...###.......o.........
#.[#..#..#o.#..{............
#...###...###..{...........
#..#..#..#.@#o{.............
.. ##...###YYoo..........[..
# #..#.[#.oo...............
#..###..##################
### #.### ###


You could see 2 yaks, an orc warrior, an orc priest, 2 orc wizards and an orc.

Vanquished Creatures
  A hornet (D:8)
  A yak (D:9)
  2 water moccasins
  Duvessa (D:4)
  An orc warrior (D:6)
  3 sky beasts
  2 centaurs
  4 phantoms
  A kobold brigand (D:6)
  2 bullfrogs
  A gnoll sergeant (D:6)
  2 scorpions
  10 wights (D:8)
  Dowan (D:4)
  3 orc priests
  A gnoll bouda (D:7)
  5 hounds
  4 jellies
  A sleepcap (D:5)
  2 iguanas
  Crazy Yiuf (D:5)
  Ijyb (D:4)
  Natasha (twice) (D:4)
  2 orc wizards (D:6)
  8 gnolls
  4 adders
  A river rat (D:3)
  A white imp (D:5)
  An ufetubus (D:6)
  4 worms
  18 dart slugs
  22 orcs
  11 ball pythons
  9 endoplasms
  5 giant cockroaches
  5 goblins
  3 hobgoblins
  6 jackals
  7 quokkas
  6 bats
  6 frilled lizards
  6 kobolds
  7 rats
184 creatures vanquished.

Notes
Turn   | Place    | Note
-------+----------+-------------------------------------------
     0 | D:1      | lonewolfV2 the Formicid Fighter began the quest for the
                  | Orb.
     0 | D:1      | Reached XP level 1. HP: 18/18 MP: 1/1
    88 | D:1      | Reached XP level 2. HP: 24/24 MP: 2/2
   305 | D:1      | Reached XP level 3. HP: 30/30 MP: 3/3
  1014 | D:2      | Reached XP level 4. HP: 35/37 MP: 4/4
  1583 | D:3      | Reached XP level 5. HP: 35/42 MP: 5/5
  1720 | D:3      | Found a glowing drain.
  1724 | Sewer    | Entered a sewer
  1791 | Sewer    | Noticed a water moccasin
  1800 | Sewer    | Killed a water moccasin
  1801 | Sewer    | Reached skill level 5 in Fighting
  1801 | Sewer    | Reached XP level 6. HP: 42/51 MP: 6/6
  1986 | D:3      | Found a stormy altar of Qazlal.
  1999 | D:3      | Became a worshipper of Qazlal Stormbringer
  2145 | D:3      | Found a sparkling altar of Nemelex Xobeh.
  2281 | D:3      | Found a white marble altar of Elyvilon.
  2301 | D:3      | Found a glowing silver altar of Zin.
  2770 | D:4      | Found a basalt altar of Yredelemnul.
  2851 | D:4      | Reached skill level 5 in Axes
  3075 | D:4      | Noticed Duvessa
  3075 | D:4      | Noticed Dowan
  3088 | D:4      | Killed Duvessa
  3089 | D:4      | Reached XP level 7. HP: 57/57 MP: 7/7
  3104 | D:4      | Killed Dowan
  3112 | D:4      | Found a shadowy altar of Dithmenos.
  3256 | D:4      | Noticed Natasha
  3261 | D:4      | Killed Natasha
  3283 | D:4      | Noticed Ijyb
  3361 | D:4      | Killed Ijyb
  3794 | D:4      | Found a hazy altar of Hepliaklqana.
  3936 | D:4      | Noticed Natasha
  3947 | D:4      | Killed Natasha
  3947 | D:4      | Reached * piety under Qazlal
  3948 | D:4      | Reached XP level 8. HP: 59/65 MP: 8/8
  4161 | D:5      | Entered Level 5 of the Dungeon
  4493 | D:5      | Reached skill level 5 in Shields
  4509 | D:5      | Found a runed translucent door.
  4510 | D:5      | Noticed Crazy Yiuf
  4545 | D:5      | Found a shimmering altar of Xom.
  4667 | D:5      | Killed Crazy Yiuf
  4896 | D:6      | Reached skill level 6 in Shields
  4940 | D:6      | Found Tutoclua's Assorted Antiques.
  5007 | D:6      | Reached skill level 7 in Shields
  5054 | D:6      | Found an ornate altar of the Wu Jian Council.
  5149 | D:6      | Found an opulent altar of Gozag.
  5155 | D:6      | Reached ** piety under Qazlal
  5184 | D:6      | Reached XP level 9. HP: 67/72 MP: 9/9
  5232 | D:6      | Reached skill level 8 in Shields
  5800 | D:7      | Found an iron altar of Okawaru.
  5879 | D:7      | Reached skill level 5 in Armour
  5888 | D:7      | Found a snail-covered altar of Cheibriados.
  5979 | D:7      | Reached skill level 9 in Shields
  6093 | D:7      | Found a staircase to the Ecumenical Temple.
  6596 | D:8      | Reached skill level 1 in Invocations
  7532 | D:8      | Noticed a hornet
  7547 | D:8      | Killed a hornet
  7548 | D:8      | Reached XP level 10. HP: 54/79 MP: 11/13
  7883 | D:8      | Reached skill level 5 in Invocations
  8259 | D:8      | Identified the +0 leather armour of Mental Paralysis
                  | {Dex+3}
  8363 | D:8      | Gained mutation: You are agile. (Dex +4, Str/Int -1)
                  | [potion of mutation]
  8363 | D:8      | Gained mutation: You do not regenerate when monsters are
                  | visible. [potion of mutation]
  8363 | D:8      | Gained mutation: You have large cloven feet. [potion of
                  | mutation]
  8549 | D:9      | Slain by an orc warrior

Illustrated notes

Levels and vault maps discovered:
D:1:      onia_arrival_handbag, layout_basic, minmay_splitting_lines,
          minmay_distorted
D:2:      layout_rooms
D:3:      kennysheep_slugbush, layout_loops_corners,
          mainiacjoe_overflow_cross_hatched, lemuel_tele_altar,
          elyvilon_altar_1, nicolae_overflow_hidden_temple,
          gup_sewer_entry_spiral
D:4:      cheibrodos_pilgrimage, layout_loops_ring,
          lemuel_coloured_pillars_altar, lemuel_round_altar,
          worldfamousw_hep_ancestral_shrine, minmay_misc_feat_more_columns,
          grunt_decor_mini_mirrors, minmay_hedge_maze, uniq_ijyb, uniq_natasha,
          uniq_duvessa
D:5:      layout_rooms, old_standard_altar, minmay_misc_feat_secret_circle,
          uniq_crazy_yiuf_cottage
D:6:      layout_loops_ring, amcnicky_altar_gilded,
          nicolae_wu_jian_wuxing_cycle, serial_shops, shop
D:7:      layout_basic, kennysheep_slug_shrine, general_overflow_altar,
          minmay_temple_entry_arrows, kennysheep_nub
D:8:      layout_cave_pods, chequers_garden, corner_web_ring
D:9:      layout_irregular_city, lemuel_doored_altar, hiddenorc1_lemuel,
          serial_shops, nicolae_shop_stone, kennysheep_doodads, library_closet

Skill      XL: |  1  2  3  4  5  6  7  8  9 10 |
---------------+-------------------------------+-----
Axes           | 3 4 5 6 7 |  7.6
Fighting       | 4 5 6 7 |  7.4
Shields        | 7 9 |  9.2
Armour         | 7 |  7.3
Invocations    | 4 5 |  5.7

Action                     |  1- 3 |  4- 6 |  7- 9 | 10-12 || total
---------------------------+-------+-------+-------+-------++-------
  Melee: War axe           |    97 |   167 |   337 |    33 ||   634
         Kick              |       |       |       |     3 ||     3
    Use: Scroll            |     4 |     7 |     5 |     2 ||    18
         Potion            |       |     1 |     1 |     5 ||     7
 Armour: Scale mail        |    23 |       |       |       ||    23
         Chain mail        |    20 |    74 |   110 |     5 ||   209
  Dodge: Dodged            |    54 |    50 |    93 |     8 ||   205
  Block: Buckler           |    39 |    96 |   257 |    25 ||   417
         Reflection        |       |    16 |    10 |       ||    26
